 Dungeon Crawl Stone Soup version 0.26.0-5-gb5863c6483 (webtiles) character file.

Game seed: 9841824275759793243

126 Gauvater the Firebug (level 5, -3/34 HPs)
             Began as an Octopode Fire Elementalist on Jan 10, 2021.
             Slain by an adder (5 damage)
             ... on level 4 of the Dungeon.
             The game lasted 00:18:41 (4112 turns).

Gauvater the Firebug (Octopode Fire Elementalist)   Turns: 4112, Time: 00:18:42

Health: -3/34      AC:  1    Str:  6 (8)  XL:     5   Next: 9%
Magic:  8/8        EV: 13    Int: 16 (17) God:
Gold:   107        SH:  0    Dex:  6 (13) Spells: 8/9 levels left

rFire    . . .     SeeInvis .   p - +0 dagger (venom)
rCold    . . .     Faith    .   (no shield)
rNeg     . . .     Spirit   .   (helmet restricted)
rPois    +         Reflect  .   (no amulet)
rElec    .         Harm     .   h - ring of poison resistance
rCorr    .         Rampage  .   (no ring)
Will     .....                  (no ring)
Stlth    +++.......             (no ring)
HPRegen  0.11/turn              (no ring)
MPRegen  0.11/turn              (no ring)
                                (no ring)
                                (no ring)

@: mighty, about to teleport
A: almost no armour, stealthy swim, amphibious, 8 rings, constrict 8, camouflage
1, gelatinous body 1
a: no special abilities


You were on level 4 of the Dungeon.
You visited 1 branch of the dungeon, and saw 6 of its levels.

You collected 107 gold pieces.

Inventory:

Hand Weapons
 j - a +0 short sword
 p - a +0 dagger of venom (weapon)
 w - a +2 hunting sling of flaming
Missiles
 t - 155 stones
Armour
 r - a +0 buckler
Jewellery
 g - an uncursed ring of flight
 h - a ring of poison resistance (left tentacle)
Wands
 e - a wand of disintegration (14)
Scrolls
 f - a scroll of blinking
 l - 2 scrolls of remove curse
 n - a scroll of magic mapping {unknown}
 o - 2 scrolls of random uselessness {unknown}
 u - 2 scrolls of immolation {unknown}
 v - a scroll of fog {unknown}
 y - a scroll of enchant weapon {unknown}
Potions
 a - 2 potions of flight
 c - a potion of mutation {unknown}
 m - 4 potions of curing {unknown}
 q - a potion of lignification {unknown}
 s - a potion of attraction {unknown}
 x - 2 potions of haste {unknown}


   Skills:
 * Level 1.8 Fighting
 + Level 1.0 Short Blades
 + Level 2.5 Dodging
 + Level 3.4 Stealth
 + Level 0.2 Unarmed Combat
 + Level 2.6 Spellcasting
 + Level 1.6 Conjurations
 + Level 3.6 Fire Magic


You had 8 spell levels left.
You knew the following spells:

 Your Spells              Type           Power        Failure   Level
a - Foxfire               Conj/Fire      40%          7%          1

Your spell library contained the following spells:

 Spells                   Type           Power        Failure   Level
 Conjure Flame            Conj/Fire      10%          21%         3
 Inner Flame              Hex/Fire       7%           28%         3
 Sticky Flame             Conj/Fire      10%          54%         4
 Fireball                 Conj/Fire      5%           88%         5


Dungeon Overview and Level Annotations

Branches:
Dungeon (6/15)
 Temple: D:4-7

Altars:

Shops:
D:4 (

Annotations:
D:5 Grinder


Innate Abilities, Weirdness & Mutations

You cannot wear most types of armour.
You are very stealthy in the water. (Stealth+)
You are amphibious.
You can wear up to eight rings at the same time.
You can use your tentacles to constrict eight enemies at once.
Your skin changes colour to match your surroundings (Stealth+).
Your rubbery body absorbs attacks. (AC +1, EV +1)


Message History

The hound bites you.
* * * LOW HITPOINT WARNING * * *
You closely miss the hound. Your grab misses the hound.
Your squeeze misses the hound.
The adder hisses angrily.
The hound barely misses you.
You hit the hound but do no damage.
The hound is poisoned.
You grab the hound. You constrict the hound. The hound bites you.
* * * LOW HITPOINT WARNING * * *
The hound closely misses you.
You release your grip on the hound.
The adder bites you but does no damage. The adder bites you but does no damage.
The hound bites you but does no damage.
Found 14 gold pieces.
The adder barely misses you. The hound bites you.
* * * LOW HITPOINT WARNING * * *
The hound closely misses you.
As you read the scroll of teleportation, it crumbles to dust.
You feel strangely unstable. The hound closely misses you. The adder bites you.
You die...

#### ##...##
##.....##
#....$..#
#.......#
#.......# #@....#
##hS...##
#.B.....#
#.......#
#.......#
########...../##
#....#...#...##
######
#.##...#####..#
....=#
#.###........$...


You could see a hound (poisoned), a worker ant and an adder.

Vanquished Creatures
  Robin (D:2)
  4 adders
  An ooze (D:1)
  6 dart slugs
  An orc (D:3)
  7 bats
  4 giant cockroaches
  18 goblins
  7 hobgoblins
  4 kobolds
  A quokka (D:2)
  3 frilled lizards
  3 rats
60 creatures vanquished.

Vanquished Creatures (others)
  72 foxfires
72 creatures vanquished.

Grand Total: 132 creatures vanquished

Notes
Turn   | Place    | Note
-------+----------+-------------------------------------------
     0 | D:1      | Gauvater the Octopode Fire Elementalist began the quest for
                  | the Orb.
     0 | D:1      | Reached XP level 1. HP: 11/11 MP: 3/3
   255 | D:1      | Reached XP level 2. HP: 15/18 MP: 3/5
  1202 | D:1      | Reached XP level 3. HP: 21/22 MP: 3/6
  1407 | D:1      | Reached skill level 1 in Fighting
  2239 | D:2      | Reached XP level 4. HP: 23/28 MP: 4/7
  2271 | D:2      | Noticed Robin
  2312 | D:2      | Killed Robin
  3602 | D:3      | Reached XP level 5. HP: 25/34 MP: 6/8
  3761 | D:3      | Reached skill level 1 in Short Blades
  3881 | D:3      | Found a faded altar of an unknown god.
  3997 | D:3      | You fall into a shaft and drop 3 floors!
  3998 | D:6      | Noticed a necrophage
  4027 | D:5      | Entered Level 5 of the Dungeon
  4035 | D:5      | Noticed Grinder
  4077 | D:4      | Found Ocvegh's Antique Weapon Shop.
  4084 | D:4      | Noticed a phantom
  4112 | D:4      | Slain by an adder

Illustrated notes

Levels and vault maps discovered:
D:1:      arrival_zaba_pyramid, layout_rooms, minmay_crystal_water
D:2:      layout_basic, uniq_robin
D:3:      wander_river, layout_loops_corners, general_overflow_altar,
          grunt_temple_overflow_open, chequers_ecumenical_altar_island,
          minmay_close_crescents
D:4:      layout_rooms, serial_shops, nicolae_shop_trees
D:5:      layout_cave_pools, serial_shops, nicolae_shop_behind_doors,
          basic_altar, uniq_grinder
D:6:      layout_cave_pools

Skill      XL: |  1  2  3  4  5 |
---------------+----------------+-----
Fighting       | 1 |  1.8
Stealth        | 3 |  3.4
Short Blades   | 1 |  1.0
Dodging        | |  2.5
Unarmed Combat | |  0.2
Spellcasting   | |  2.6
Conjurations   | |  1.6
Fire Magic     | |  3.6

Action                   |  1- 3 |  4- 6 || total
-------------------------+-------+-------++-------
Melee: Unarmed           |    30 |       ||    30
       Constrict         |    17 |    12 ||    29
       Tentacles         |     9 |     2 ||    11
       Short sword       |    18 |       ||    18
       Dagger            |     6 |    35 ||    41
 Fire: Hunting sling     |       |     9 ||     9
 Cast: Foxfire           |    40 |    16 ||    56
  Use: Potion            |       |     6 ||     6
       Scroll            |       |     7 ||     7
 Stab: Sleeping          |     1 |       ||     1
Armor: Skin              |     8 |    10 ||    18
Dodge: Dodged            |    42 |    51 ||    93
